 Dungeon Crawl Stone Soup version 0.27-a0-1202-ge72e49191c (webtiles) character file.

Game seed: 10908776600730557299

65 27snakeeyes612 the Skirmisher (level 4, -4/42 HPs)
             Began as a Naga Fighter on June 3, 2021.
             Slain by Robin
             ... wielding a +0 dagger
              (6 damage)
             ... on level 2 of the Dungeon.
             The game lasted 00:01:28 (1569 turns).

27snakeeyes612 the Skirmisher (Naga Fighter)        Turns: 1569, Time: 00:01:28

Health: -4/42      AC:  8    Str: 20    XL:     4   Next: 13%
Magic:  4/4        EV:  5    Int:  8    God:
Gold:   39         SH:  9    Dex: 10    Spells: 3/3 levels left

rFire    . . .     SeeInvis +   a - +0 war axe
rCold    . . .     Faith    .   c - +0 kite shield
rNeg     . . .     Spirit   .   b - +0 scale mail
rPois    +         Reflect  .   g - +2 helmet
rElec    .         Harm     .   (no cloak)
rCorr    +         Rampage  .   (no gloves)
Will     .....                  (no barding)
Stlth    ..........             (no amulet)
HPRegen  0.14/turn              e - ring of resist corrosion
MPRegen  0.09/turn              (no ring)

@: very slow
A: AC +1, large, see invisible, deformed body, poison resistance, slowness 2,
spit poison 1, naga tail 1
a: Spit Poison


You were on level 2 of the Dungeon.
You visited 1 branch of the dungeon, and saw 2 of its levels.

You collected 71 gold pieces.
You spent 32 gold pieces at shops.

Inventory:

Hand Weapons
 a - a +0 war axe (weapon)
Armour
 b - a +0 scale mail (worn)
 c - a +0 kite shield (worn)
 g - a +2 helmet (worn)
Jewellery
 e - a ring of resist corrosion (left hand)
Scrolls
 f - a scroll of teleportation
 i - 2 scrolls of identify
Potions
 d - a potion of might
 h - a potion of curing {unknown}
 j - a potion of mutation {unknown}
 k - a potion of berserk rage {unknown}


   Skills:
 + Level 3.3 Fighting
 + Level 2.9 Axes
 + Level 2.8 Armour
 + Level 3.0 Shields


You had 3 spell levels left.
You didn't know any spells.
Your spell library contained the following spells:

 Spells                   Type           Power      Damage    Failure   Level
 Confusing Touch          Hex            0%         N/A       100%        3
 Gell's Gravitas          Tloc           0%         N/A       100%        3
 Petrify                  Tmut/Erth      0%         N/A       100%        4
 Metabolic Englaciation   Hex/Ice        0%         N/A       100%        5
 Yara's Violent Unravell  Hex/Tmut       0%         3d3       100%        5


Dungeon Overview and Level Annotations

Branches:
Dungeon (2/15)

Altars:

Shops:
D:1 *

Annotations:
D:2 Robin


Innate Abilities, Weirdness & Mutations

Your serpentine skin is tough. (AC +1)
You have supernaturally acute eyesight. (SInv)
Armour fits poorly on your strangely shaped body.
Your system is resistant to poisons. (rPois)
You cover ground very slowly.
You can spit poison.
You have a snake-like lower body.


Message History

You are too injured to fight recklessly!
You are too injured to fight recklessly!
You closely miss Robin.
Robin is moderately wounded.
Robin hits you but does no damage.
You closely miss Robin.
Robin is moderately wounded.
The goblin shouts!
Robin hits you but does no damage.
Robin zaps a wand.
The puff of flame hits you.
* * * LOW HITPOINT WARNING * * *
You hit Robin.
Robin is heavily wounded.
Robin barely misses you.
You slash Robin!
Robin is almost dead.
Robin zaps a wand.
The puff of flame hits you!
* * * LOW HITPOINT WARNING * * *
Robin roars a battlecry!
The goblin goes into a battle-frenzy!
You closely miss Robin.
Robin is almost dead.
The goblin hits you but does no damage. Robin throws the goblin at you!
You barely miss Robin.
Robin is almost dead.
You closely miss the goblin. Robin hits you but does no damage.
You block the goblin's attack. The goblin barely misses you.
Robin zaps a wand.
The puff of flame hits you.
* * * LOW HITPOINT WARNING * * *
You completely miss Robin.
Robin is almost dead.
You hit the goblin.
Robin zaps a wand.
The puff of flame hits you but does no damage.
You block the goblin's attack.
You hit Robin.
Robin is almost dead.
You hit the goblin.
You kill the goblin!
Robin hits you but does no damage. Robin hits you with a +0 dagger.
You die...

...# #b#.....# ...#
#.#.....##.# ...####g#.....##.#
......b.#.....##.# #########
....#####.....##.# #........
....############.## #.#######.#
....#.............###.#.......
..........#.####))##......#
...............g@)<.....#.#####
..#.#.###...####)###..#.......#
..#†#.# #.....†.......#.#.###.#
..#.#.###..#####.#.##.#.#.#
............######....#.# .
#.#######........# ####†# ##
#.............##.######.#
#######..#....##........#
#.....#..#.............##


You could see Robin.

Vanquished Creatures
  3 dart slugs
  3 endoplasms (D:1)
  6 giant cockroaches (D:1)
  12 goblins
  8 hobgoblins
  2 jackals (D:2)
  4 kobolds
  2 quokkas
  2 ball pythons
  4 bats
  5 frilled lizards
  2 rats (D:1)
53 creatures vanquished.

Notes
Turn   | Place    | Note
-------+----------+-------------------------------------------
     0 | D:1      | 27snakeeyes612 the Naga Fighter began the quest for the
                  | Orb.
     0 | D:1      | Reached XP level 1. HP: 21/21 MP: 1/1
    25 | D:1      | Found Pilest's Assorted Antiques.
   104 | D:1      | Bought a scroll labelled BECOEG UNEKOY for 16 gold pieces
   104 | D:1      | Bought a scroll labelled TUJARPH NITOODAHYC for 16 gold
                  | pieces
   138 | D:1      | Reached XP level 2. HP: 28/28 MP: 2/2
   413 | D:1      | Reached XP level 3. HP: 16/34 MP: 3/3
   858 | D:1      | Found a faded altar of an unknown god.
  1305 | D:2      | Noticed Robin
  1342 | D:2      | Reached XP level 4. HP: 21/42 MP: 4/4
  1567 | D:2      | HP: 1/42 [Robin/puff of flame (2)]
  1569 | D:2      | Slain by Robin

Illustrated notes

Levels and vault maps discovered:
D:1:      zelgadis_glass_arrival_small, layout_rooms, serial_shops,
          nicolae_shop_waterfront, hellmonk_ecumenical_altar_zigzags
D:2:      layout_basic, basic_altar, uniq_robin

Skill      XL: |  1  2  3  4 |
---------------+-------------+-----
Shields        | 3 |  3.0
Fighting       | |  3.3
Axes           | |  2.9
Armour         | |  2.8

Action                   |  1- 3 |  4- 6 || total
-------------------------+-------+-------++-------
Melee: War axe           |   129 |    24 ||   153
  Use: Scroll            |     1 |       ||     1
Armor: Scale mail        |    78 |    18 ||    96
Dodge: Dodged            |    34 |     5 ||    39
Block: Kite shield       |    83 |    15 ||    98

Table legend: (Time is in decaauts)
 A = Elapsed time spent in this place.
 B = Non-inter-level travel time spent in this place.
 C = Inter-level travel time spent in this place.
 D = Time resting spent in this place.
 E = Time spent auto-exploring this place.
 F = Levels seen in this place.
 G = Mean time per level.
                   A        B        C        D        E       F      G
               +--------+--------+--------+--------+--------+-----+--------+
         Total |   1957 |   1891 |     66 |    189 |   1256 |   2 |  978.5 |
       Dungeon |   1957 |   1891 |     66 |    189 |   1256 |   2 |  978.5 |
               +--------+--------+--------+--------+--------+-----+--------+

Top non-repeatable levels by time:
     D:1: 1572 daAuts
     D:2: 385 daAuts
